 Dungeon Crawl Stone Soup version 0.20.0-15-g7f486f2 (webtiles) character file.

85 vishdafish the Charmwright (level 4, -2/37 HPs)
             Began as a Draconian Skald on June 29, 2017.
             Slain by Quirk's ghost (8 damage)
             ... on level 3 of the Dungeon.
             The game lasted 00:05:25 (1962 turns).

vishdafish the Charmwright (Draconian Skald)        Turns: 1962, Time: 00:05:25

Health: -2/37      AC:  5    Str: 14    XL:     4   Next: 25%
Magic:  6/8        EV: 13    Int: 14    God:
Gold:   78         SH:  0    Dex: 15    Spells: 7/8 levels left

rFire    + . .     SeeInvis .   a - +0 spear
rCold    . . .     Gourm    .   (no shield)
rNeg     . . .     Faith    .   (armour unavailable)
rPois    .         Spirit   .   (helmet restricted)
rElec    .         Reflect  .   (no cloak)
rCorr    .         Harm     .   (no gloves)
MR       .....                  (no boots)
Stlth    +.........             (no amulet)
Regen    0.2/turn               d - ring of protection from fire
MPRegen  0.2/turn               h - +5 ring of dexterity

@: no status effects
A: unfitting armour, cold-blooded, AC +5
a: no special abilities


You were on level 3 of the Dungeon.
You were hungry.

You visited 1 branch of the dungeon, and saw 4 of its levels.

You collected 78 gold pieces.

Inventory:

Hand Weapons
 a - a +0 spear (weapon)
Missiles
 m - 29 stones (quivered)
Jewellery
 d - a ring of protection from fire (left hand)
 h - a +5 ring of dexterity (right hand)
 n - an uncursed ring of flight
Scrolls
 e - a scroll of identify
 i - a scroll of fear
Potions
 f - a potion of mutation
 k - 3 potions of degeneration
Books
 b - a book of Battle

   Spells                             Type                      Level
   a - Infusion                       Charms                       1
   b - Shroud of Golubria             Charms/Translocation         2
   c - Song of Slaying                Charms                       2
   d - Spectral Weapon                Hexes/Charms                 3
   e - Regeneration                   Charms/Necromancy            3
Comestibles
 c - 3 bread rations
 g - a meat ration
 j - a royal jelly


   Skills:
 + Level 2.6 Fighting
 + Level 2.6 Polearms
 + Level 2.4 Dodging
 * Level 2.7 Spellcasting
 * Level 3.3 Charms


You had 7 spell levels left.
You knew the following spells:

 Your Spells              Type           Power        Failure   Level  Hunger
a - Infusion              Chrm           ##..         5%          1    #......


Dungeon Overview and Level Annotations

Branches:
Dungeon (4/15)
 Temple: D:4-7

Altars:
Uskayaw
Xom

Annotations:
D:3 Quirk's ghost, amateur MiFi


Innate Abilities, Weirdness & Mutations

Your plain brown scales are hard. (AC +5)
You cannot fit into any form of body armour.
You are cold-blooded and may be slowed by cold attacks.


Message History

Quirk's ghost is severely damaged.
Quirk's ghost barely misses you.
You closely miss Quirk's ghost.
Quirk's ghost is severely damaged.
Quirk's ghost closely misses you.
You hit Quirk's ghost but do no damage.
Quirk's ghost is severely damaged.
Quirk's ghost hits you.
* * * LOW HITPOINT WARNING * * *
You hit Quirk's ghost.
Quirk's ghost is severely damaged.
Quirk's ghost closely misses you.
You hit Quirk's ghost but do no damage.
You tail-slap Quirk's ghost, but do no damage.
Quirk's ghost is severely damaged.
Quirk's ghost misses you.
You hit Quirk's ghost but do no damage.
Quirk's ghost is severely damaged.
Quirk's ghost hits you!
You die...

###... ####....#
.....#..# .......†#
........#
........######...
...............#
.........W######## ..
........#.@>.....###..##
........#####)#.#......
........# #.._..##.#
##.###### ###.##...# ..
#.#..# # #...# ####..##
#....## ##.####


You could see Quirk's ghost.

Vanquished Creatures
  Jessica (D:2)
  2 adders
  3 dart slugs (D:2)
  4 bats
  2 giant cockroaches
  5 goblins
  3 hobgoblins
  2 jackals (D:2)
  A quokka (D:2)
  4 frilled lizards
  3 kobolds
  6 rats
36 creatures vanquished.

Notes
Turn   | Place    | Note
-------+----------+-------------------------------------------
     0 | D:1      | vishdafish the Draconian Skald began the quest for the Orb.
     0 | D:1      | Reached XP level 1. HP: 17/17 MP: 3/3
   639 | D:1      | Reached XP level 2. HP: 23/25 MP: 5/5
  1017 | D:2      | Noticed Jessica
  1021 | D:2      | Killed Jessica
  1021 | D:2      | Reached skill level 3 in Charms
  1021 | D:2      | Reached XP level 3. HP: 28/30 MP: 7/7
  1244 | D:2      | Found a shimmering altar of Xom.
  1544 | D:2      | Reached XP level 4. HP: 34/37 MP: 8/8
  1554 | D:2      | Found a faded altar of an unknown god.
  1826 | D:3      | Found a hide-covered altar of Uskayaw.
  1849 | D:3      | Noticed Quirk's ghost (amateur MiFi)
  1962 | D:3      | Slain by Quirk's ghost

Skill      XL: |  1  2 |
---------------+-------+-----
Charms         | 3 |  3.3
Fighting       | |  2.6
Polearms       | |  2.6
Dodging        | |  2.4
Spellcasting   | |  2.7

Action                   |  1- 3 |  4- 6 || total
-------------------------+-------+-------++-------
Melee: Spear             |   114 |    59 ||   173
       Tailslap          |    10 |    10 ||    20
 Cast: Infusion          |     2 |     1 ||     3
  Use: Scroll            |       |     5 ||     5
       Potion            |       |     2 ||     2
 Stab: Sleeping          |     4 |     2 ||     6
  Eat: Chunk             |     2 |     1 ||     3
Armor: Skin              |    33 |    17 ||    50
Dodge: Dodged            |    73 |    21 ||    94
